AoeStats
← Fleischwolf

Lombardia

508947475Analyzed
4v4 RM · 7d ago on Sep 24, 2026· 52m 32s· 8 players
Game mode
Random Map
Map size
Large (8 player)
Population
200
Speed
Normal
Resources
Standard
Victory
Conquest
Starting age
Dark Age
Ending age
Imperial Age
RankedLock teamsTeams togetherTeam positionsShared explorationLock speedFull tech treeHidden civsTurbo modeCheats
Victory
Defeat
🇩🇪 Huns · Germany
1398
+16
🇩🇪 Spanish · Germany
1395
+16
🇩🇪 Persians · Germany
1306
+20
🇩🇪 Khmer · Germany
1273
+21
🇨🇳 Danes · China
1441
-20
🇭🇰 Mongols · Hong Kong SAR China
1421
-19
🇪🇸 Bengalis · Spain
1373
-17
🇩🇪 Italians · Germany
1360
-17
wilkerbrice12
11:18 Feudal Age
12:15 Double-Bit Axe
15:20 Castle Age
13:50 Horse Collar
20:02 Loom
21:19 Town Watch
21:39 Fletching
27:56 Bodkin Arrow
29:13 Wheelbarrow
30:27 Padded Archer Armor
33:37 Heavy Plow
34:23 Leather Archer Armor
34:25 Hand Cart
34:06 Gold Mining
34:06 Stone Mining
36:30 Scale Mail Armor
36:41 Forging
36:36 Squires
36:22 Gambesons
36:22 Arson
36:50 Bow Saw
36:57 Caravan
40:28 Imperial Age
38:48 Iron Casting
38:19 Scale Barding Armor
39:05 Paiks
39:40 Gold Shaft Mining
39:48 Pikeman
40:38 Elite Ratha (Ranged)
41:40 Conscription
42:49 Chemistry
41:54 Bracer
43:07 Two-Man Saw
42:39 Ring Archer Armor
42:00 Arrowslits
42:27 Masonry
43:51 Ballistics
43:54 Chain Barding Armor
44:46 Siege Engineers
45:29 Plate Barding Armor
45:55 Blast Furnace
45:24 Guilds
小刀
7:46 Loom
10:08 Feudal Age
11:15 Double-Bit Axe
11:13 Horse Collar
11:52 Gold Mining
12:10 Stone Mining
21:16 Castle Age
21:13 Scale Mail Armor
22:44 Bow Saw
23:29 Wheelbarrow
24:12 Heavy Plow
27:15 Gold Shaft Mining
27:34 Stone Shaft Mining
32:57 Imperial Age
30:46 Chain Mail Armor
31:41 Forging
32:18 Squires
32:04 Arson
33:07 Iron Casting
32:47 Gambesons
33:11 Elite Varangian Guard
34:22 Plate Mail Armor
34:57 Blast Furnace
34:29 Pikeman
35:43 Halberdier
39:10 Conscription
38:17 Hamask
w h i z.
7:06 Loom
9:26 Feudal Age
10:15 Horse Collar
10:24 Double-Bit Axe
18:06 Castle Age
17:15 Gold Mining
19:51 Bow Saw
30:10 Sanctity
30:42 Wheelbarrow
34:28 Ballistics
34:16 Fletching
34:28 Padded Archer Armor
34:38 Thumb Ring
38:39 Imperial Age
36:09 Town Watch
37:24 Bodkin Arrow
37:45 Leather Archer Armor
38:12 Silk Road
38:04 Heavy Plow
38:46 Masonry
38:46 Elite Genoese Crossbowman
39:29 Bracer
40:37 Hand Cart
41:17 Murder Holes
42:23 Chemistry
明月清风
9:14 Loom
11:00 Feudal Age
15:24 Castle Age
13:12 Double-Bit Axe
13:19 Horse Collar
16:36 Bow Saw
17:08 Town Watch
20:43 Gold Mining
22:10 Fletching
22:45 Padded Archer Armor
26:03 Husbandry
26:14 Bloodlines
26:30 Bodkin Arrow
27:28 Wheelbarrow
27:38 Ballistics
28:07 Leather Archer Armor
34:05 Imperial Age
32:21 Hand Cart
32:30 Hand Cart
34:50 Bracer
35:51 Chemistry
35:41 Conscription
36:20 Thumb Ring
36:41 Parthian Tactics
38:14 Elite Mangudai
39:59 Gold Shaft Mining
39:15 Stone Mining
41:29 Masonry
41:41 Murder Holes
45:49 Coinage
45:20 Caravan
47:34 Nomads
Wanda Lismus
12:10 Feudal Age
13:09 Double-Bit Axe
15:26 Castle Age
14:01 Horse Collar
16:17 Bow Saw
16:26 Heavy Plow
17:54 Wheelbarrow
21:38 Hand Cart
24:07 Caravan
24:14 Gold Mining
28:56 Stone Mining
32:34 Imperial Age
31:11 Loom
32:09 Scale Barding Armor
32:15 Forging
33:18 Chain Barding Armor
33:36 Iron Casting
33:51 Bloodlines
33:42 Husbandry
34:40 Plate Barding Armor
33:33 Elite Battle Elephant
33:48 Capped Ram
35:50 Blast Furnace
35:56 Blast Furnace
35:00 Tusk Swords
35:21 Conscription
41:04 Siege Ram
Kampfkekssss
8:21 Loom
10:09 Feudal Age
14:34 Castle Age
12:45 Double-Bit Axe
12:46 Horse Collar
14:25 Bloodlines
15:35 Bow Saw
21:19 Wheelbarrow
20:56 Scale Barding Armor
22:06 Heavy Plow
22:28 Gold Mining
24:08 Chain Barding Armor
26:29 Gold Shaft Mining
25:45 Stone Mining
29:24 Hand Cart
34:39 Imperial Age
32:22 Forging
33:47 Husbandry
34:23 Cavalier
35:39 Plate Barding Armor
35:40 Iron Casting
36:09 Two-Man Saw
35:53 Caravan
36:22 Conscription
36:16 Savar
39:23 Blast Furnace
39:23 Hoardings
40:17 Coinage
42:51 Banking
42:16 Fletching
49:41 Crop Rotation
Fleischwolf
10:42 Feudal Age
14:20 Castle Age
12:26 Double-Bit Axe
13:15 Fletching
15:06 Bodkin Arrow
15:37 Husbandry
21:36 Bloodlines
21:49 Padded Archer Armor
22:07 Bow Saw
23:00 Padded Archer Armor
23:07 Gold Mining
25:00 Leather Archer Armor
24:55 Loom
26:21 Thumb Ring
30:51 Ballistics
32:53 Wheelbarrow
36:01 Imperial Age
35:02 Marauders
36:13 Caravan
36:52 Bracer
38:47 Chemistry
40:22 Conscription
41:08 Gold Shaft Mining
40:14 Horse Collar
41:28 Parthian Tactics
42:24 Heavy Cavalry Archer
45:17 Masonry
47:55 Stone Mining
48:06 Heavy Plow
51:23 Atheism
51:57 Hand Cart
51:27 Town Watch
Moard
10:27 Feudal Age
12:09 Loom
15:09 Castle Age
13:47 Double-Bit Axe
14:56 Horse Collar
23:30 Padded Archer Armor
24:51 Bow Saw
25:55 Leather Archer Armor
30:16 Wheelbarrow
31:14 Stone Mining
34:35 Imperial Age
32:23 Heavy Plow
32:17 Gold Mining
33:05 Caravan
34:18 Forging
35:16 Hand Cart
35:46 Elite Conquistador
37:00 Ring Archer Armor
38:28 Conscription
38:39 Capped Ram
39:39 Siege Ram
41:38 Bloodlines
41:29 Husbandry
42:06 Iron Casting
43:46 Coinage
43:55 Supremacy
44:11 Hoardings
45:32 Chemistry
44:30 Murder Holes
44:45 Masonry
44:19 Light Cavalry
46:59 Blast Furnace
45:57 Fletching
46:56 Bombard Tower
47:37 Masonry
50:10 Bodkin Arrow
51:37 Bracer
52:12 Architecture
Connection lost

Rejoining the realm…

Still unreachable

The connection could not be restored.

Session expired

The server has moved on; the page needs a fresh start.